 Dungeon Crawl Stone Soup version 0.18.1-48-g4cf74bf (webtiles) character file.

657 Jerry the Ducker (level 7, -3/52 HPs)
             Began as a Demonspawn Gladiator on Aug 5, 2016.
             Slain by an orc warrior
             ... wielding a +0 long sword
              (9 damage)
             ... on level 3 of the Dungeon.
             The game lasted 00:21:03 (3064 turns).

Jerry the Ducker (Demonspawn Gladiator)             Turns: 3064, Time: 00:21:04

Health: -3/52      AC:  7    Str: 16    XL:     7   Next: 29%
Magic:  7/7        EV: 13    Int:  9    God:
Gold:   154        SH:  0    Dex: 15    Spells: 0 memorised, 6 levels left

rFire  . . .     SeeInvis .     a - +0 long sword
rCold  . . .     Gourm    .     b - +0 leather armour
rNeg   . . .     Faith    .     (no shield)
rPois  .         Spirit   .     c - +0 helmet
rElec  .         Dismiss  .     u - +0 cloak
rCorr  .         Reflect  .     (no gloves)
SustAt .         Harm     .     (no boots)
MR     .....                    (no amulet)
Stlth  +.........               (no ring)
                                (no ring)

@: drained, not resistant to hostile enchantments, very unstealthy
A: rugged brown scales 2, sense surroundings 1, powered by death 2
a: no special abilities


You were on level 3 of the Dungeon.
You were hungry.

You visited 1 branch of the dungeon, and saw 4 of its levels.

You collected 154 gold pieces.

Inventory:

Hand Weapons
 a - a +0 long sword (weapon)
Armour
 b - a +0 leather armour (worn)
 c - a +0 helmet (worn)
 j - a +0 buckler
 u - a +0 cloak (worn)
Wands
 n - a wand of digging (11/24)
Scrolls
 e - a scroll of fog {unknown}
 g - a scroll of identify {unknown}
 i - 3 scrolls of blinking {unknown}
 k - 2 scrolls of random uselessness {unknown}
 l - 2 scrolls of remove curse {unknown}
 p - a scroll of immolation {unknown}
 r - 2 scrolls of fear {unknown}
 s - 3 scrolls of enchant armour {unknown}
 t - 2 scrolls of magic mapping {unknown}
Miscellaneous
 d - a plain deck of wonders {drawn: 2}
Comestibles
 f - 3 bread rations
 m - a meat ration
 o - 2 chunks of flesh
 q - a beef jerky


   Skills:
 - Level 2.0(1.0) Fighting
 + Level 4.7(3.7) Long Blades
 - Level 1.7(0.8) Throwing
 + Level 4.1(3.1) Armour
 + Level 5.0(4.0) Dodging


You had 6 spell levels left.
You didn't know any spells.

Dungeon Overview and Level Annotations

Branches:
Dungeon (4/15)
 Temple: D:4-7

Altars:
Cheibriados
Nemelex Xobeh
Ru
Sif Muna
Xom
The Shining One

Shops:
D:4 (


Innate Abilities, Weirdness & Mutations

You are mostly covered in rugged brown scales (AC +2, +5% HP).
You regenerate health from kills.
You passively map a small area around you.


Message History

You are too injured to fight recklessly!
You are too injured to fight recklessly!
You draw a card...
It is the Mercenary.
You cannot afford Xoanon's fee of 170 gold!
Xoanon attacks!
Xoanon the naga comes into view.
It is wielding a hand axe of electrocution.
You are feeling hungry.
You barely miss the orc warrior.
The orc warrior is heavily wounded.
The orc warrior barely misses you.
You hit the orc warrior but do no damage.
The orc warrior is heavily wounded.
The orc warrior hits you with a long sword!
* * * LOW HITPOINT WARNING * * *
Evoke which item? (* to show all) (? for menu, Esc to quit)
You draw a card...
It is the Helix.
This is a plain deck of wonders {drawn: 2}.
You feel a strange attunement to the structure of the dungeons.
The orc warrior hits you with a long sword!
You die...

#####...#........# #....).....#
........#........###.#####.####
.####...###.#.#..)##.# ##.#
.####...###...#...)..####.)# #
..##.(..##..###.....###...## #
..#..#.#....##..###...#.### ##
..#.##.#.##....#####..#.########.
..#.##.#.##.##...###.............
....##.#.##.####@.###..#######..#
..)###.#.##.# ##o.##...## ##..#
..## #.#.##.######N...#..####....
..# ##..........#....###).#...###
#####...#.........##..>...#.### #
###...#.#........#######....#
#....#...#.......# #.....###
##...#.....#......######...#...##
##..)#.≈≈≈.#......##.....#.###...


You could see an orc warrior and Xoanon the naga.

Vanquished Creatures
  2 ogres
  5 wights (D:3)
  2 orc priests
  Crazy Yiuf (D:2)
  Terence (D:2)
  An iguana (D:4)
  A hound skeleton (D:4)
  Robin (D:2)
  5 adders
  A worm (D:2)
  3 giant geckos
  3 orcs
  2 giant cockroaches
  12 hobgoblins
  3 jackals (D:2)
  A quokka (D:2)
  7 bats
  A giant newt (D:4)
  16 goblins
  4 kobolds
  6 rats
78 creatures vanquished.

Notes
Turn   | Place    | Note
--------------------------------------------------------------
     0 | D:1      | Jerry the Demonspawn Gladiator began the quest for the Orb.
     0 | D:1      | Reached XP level 1. HP: 16/16 MP: 1/1
   393 | D:1      | Reached skill level 3 in Dodging
   401 | D:1      | Gained mutation: You regenerate a little health from kills. [demonic ancestry]
   401 | D:1      | Reached XP level 2. HP: 22/22 MP: 2/2
   843 | D:1      | Reached skill level 1 in Armour
  1084 | D:2      | Noticed Robin
  1100 | D:2      | Gained mutation: You regenerate health from kills. [demonic ancestry]
  1100 | D:2      | Reached XP level 3. HP: 23/27 MP: 3/3
  1305 | D:2      | Noticed Terence
  1316 | D:2      | Killed Terence
  1316 | D:2      | Reached XP level 4. HP: 27/33 MP: 4/4
  1417 | D:2      | Found a glowing golden altar of the Shining One.
  1435 | D:2      | Found a shimmering altar of Xom.
  1439 | D:2      | Killed Robin
  1581 | D:2      | Noticed Crazy Yiuf
  1590 | D:2      | Killed Crazy Yiuf
  1679 | D:3      | Gained mutation: You are partially covered in rugged brown scales (AC +1, +3% HP). [demonic ancestry]
  1679 | D:3      | Reached XP level 5. HP: 20/39 MP: 5/5
  1793 | D:3      | Noticed an ogre
  1907 | D:2      | Killed an ogre
  1907 | D:2      | Reached skill level 4 in Dodging
  2077 | D:3      | Gained mutation: You are mostly covered in rugged brown scales (AC +2, +5% HP). [demonic ancestry]
  2077 | D:3      | Reached XP level 6. HP: 29/46 MP: 6/6
  2146 | D:3      | Found a sacrificial altar of Ru.
  2511 | D:3      | Found a deep blue altar of Sif Muna.
  2817 | D:4      | Found a sparkling altar of Nemelex Xobeh.
  2817 | D:4      | Found a snail-covered altar of Cheibriados.
  2833 | D:4      | Reached XP level 7. HP: 35/52 MP: 7/7
  2855 | D:4      | Found Sizive Qeva's Antique Weapon Boutique.
  2960 | D:4      | Reached skill level 5 in Dodging
  3064 | D:3      | Gained mutation: You passively map a small area around you. [helix card]
  3064 | D:3      | Slain by an orc warrior

Skill      XL: |  1  2  3  4  5  6  7 |
---------------+----------------------+-----
Dodging        | 3 4 5 |  5.0
Armour         | 1 2 3 4 |  4.1
Long Blades    | 3 4 |  4.7
Fighting       | |  2.0
Throwing       | |  1.7

Action                   |  1- 3 |  4- 6 |  7- 9 || total
-------------------------+-------+-------+-------++-------
Melee: Long sword        |   126 |   189 |    38 ||   353
Throw: Throwing net      |     2 |     3 |       ||     5
Evoke: Deck              |       |       |     2 ||     2
  Use: Potion            |       |     4 |     1 ||     5
 Stab: Sleeping          |     2 |       |       ||     2
       Held in net/web   |     1 |     2 |       ||     3
  Eat: Chunk             |     1 |     5 |       ||     6
       Beef jerky        |       |     1 |       ||     1
Armor: Leather armour    |    49 |    49 |    10 ||   108
Dodge: Dodged            |   137 |   128 |    18 ||   283
